SAA
BETHESDA ATOMS @ RICHLAND RAILS
07/02/2033
 
TOP OF THE 1ST
Bethesda Atoms batting - Pitching for Richland Rails : RHP Dong-hwan Namgung
Pitching: RHP Dong-hwan Namgung
Batting: LHB Jorge Ortíz 0-0: Called Strike
0-1: Foul Ball, location: 2F
0-2: Ball
1-2: Strikes out swinging, 2-3 out at first.
Batting: RHB Renato Zuvic 0-0: Fly out, F9 (Flyball, 89S)
Batting: RHB Enrique Ibarra 0-0: Ball
1-0: Ball
2-0: Ground out 4-3 (Groundball, 4S)
Top of the 1st over - 0 runs, 0 hits, 0 errors, 0 left on base; Bethesda 0 - Richland 0
BOTTOM OF THE 1ST
Richland Rails batting - Pitching for Bethesda Atoms : LHP Osiris St. Brown
Pitching: LHP Osiris St. Brown
Batting: RHB James Cooper 0-0: Ball
1-0: Ball
2-0: Ball
3-0: Called Strike
3-1: Foul Ball, location: 2F
3-2: Foul Ball, location: 2F
3-2: Ground out 4-3 (Groundball, 4D)
Batting: RHB Hui-ying Sun 0-0: Ball
1-0: Foul Ball, location: 2F
1-1: Swinging Strike
1-2: Ball
2-2: Ball
3-2: Base on Balls
Batting: RHB Bill Chaundler 0-0: Called Strike
0-1: Ball
1-1: Ball
2-1: Called Strike
2-2: Fly out, F8 (Line Drive, 8LXD)
Runner from 1st tags up, SAFE at 2nd
Batting: RHB Kupaalani Bakana 0-0: Called Strike
0-1: Fly out, F7 (Line Drive, 7)
Bottom of the 1st over - 0 runs, 0 hits, 0 errors, 1 left on base; Bethesda 0 - Richland 0
TOP OF THE 2ND
Bethesda Atoms batting - Pitching for Richland Rails : RHP Dong-hwan Namgung
Batting: SHB Paul Wite 0-0: Ball
1-0: Ball
2-0: Ball
3-0: Called Strike
3-1: Base on Balls
Batting: RHB José Leyva 0-0: Ball
1-0: Swinging Strike
1-1: Called Strike
1-2: Strikes out swinging
Batting: RHB Raúl Francisco 0-0: Ball
1-0: Called Strike
1-1: Ball
2-1: Ball
3-1: Grounds into double play, 6-4-3 (Groundball, 6)
Top of the 2nd over - 0 runs, 0 hits, 0 errors, 0 left on base; Bethesda 0 - Richland 0
BOTTOM OF THE 2ND
Richland Rails batting - Pitching for Bethesda Atoms : LHP Osiris St. Brown
Batting: RHB Cooper Lowe 0-0: Fly out, F7 (Flyball, 7LS)
Batting: RHB Fontana Contaldo 0-0: Fly out, F9 (Flyball, 9D)
Batting: RHB Olaf Esveld 0-0: Called Strike
0-1: Ball
1-1: Ball
2-1: Fly out, F9 (Flyball, 89M)
Bottom of the 2nd over - 0 runs, 0 hits, 0 errors, 0 left on base; Bethesda 0 - Richland 0
TOP OF THE 3RD
Bethesda Atoms batting - Pitching for Richland Rails : RHP Dong-hwan Namgung
Batting: SHB Pedro Ortega 0-0: Called Strike
0-1: Foul Ball, location: 2F
0-2: Fly out, F8 (Flyball, 8LD)
Batting: RHB Diego Romero 0-0: Ball
1-0: Called Strike
1-1: Ball
2-1: Fly out, F9 (Line Drive, 9LM)
Batting: LHB Manuel Márquez 0-0: Ball
1-0: Foul Ball, location: 2F
1-1: Called Strike
1-2: Ball
2-2: Ball
3-2: Strikes out swinging
Top of the 3rd over - 0 runs, 0 hits, 0 errors, 0 left on base; Bethesda 0 - Richland 0
BOTTOM OF THE 3RD
Richland Rails batting - Pitching for Bethesda Atoms : LHP Osiris St. Brown
Batting: LHB Alje de Gast 0-0: Ball
1-0: Ball
2-0: Called Strike
2-1: Foul Ball, location: 2F
2-2: Foul Ball, location: 2F
2-2: Foul Ball, location: 2F
2-2: Ball
3-2: Foul Ball, location: 2F
3-2: Foul Ball, location: 2F
3-2: Ground out 4-3 (Groundball, 4)
Batting: RHB César Núñes 0-0: Ball
1-0: Ground out U3 (Groundball, 34)
Batting: RHB James Cooper 0-0: Ball
1-0: Ball
2-0: Ball
3-0: Called Strike
3-1: Foul Ball, location: 2F
3-2: Foul Ball, location: 2F
3-2: Strikes out looking
Bottom of the 3rd over - 0 runs, 0 hits, 0 errors, 0 left on base; Bethesda 0 - Richland 0
TOP OF THE 4TH
Bethesda Atoms batting - Pitching for Richland Rails : RHP Carlton Roberts
Pitching: RHP Carlton Roberts
Batting: LHB Jorge Ortíz 0-0: Ball
1-0: Fly out, F8 (Flyball, 8RM)
Batting: RHB Renato Zuvic 0-0: Called Strike
0-1: Foul Ball, location: 2F
0-2: Foul Ball, location: 2F
0-2: Foul Ball, location: 2F
0-2: Ground out 5-3 (Groundball, 5L)
Batting: RHB Enrique Ibarra 0-0: Ground out 6-3 (Groundball, 6)
Top of the 4th over - 0 runs, 0 hits, 0 errors, 0 left on base; Bethesda 0 - Richland 0
BOTTOM OF THE 4TH
Richland Rails batting - Pitching for Bethesda Atoms : LHP Osiris St. Brown
Batting: RHB Hui-ying Sun 0-0: Called Strike
0-1: Ball
1-1: Foul Ball, location: 2F
1-2: Ball
2-2: Strikes out swinging
Batting: RHB Bill Chaundler 0-0: Called Strike
0-1: Foul Ball, location: 2F
0-2: Foul Ball, location: 2F
0-2: Ground out 4-3 (Groundball, 4)
Batting: RHB Kupaalani Bakana 0-0: Called Strike
0-1: Fly out, F9 (Flyball, 9S)
Bottom of the 4th over - 0 runs, 0 hits, 0 errors, 0 left on base; Bethesda 0 - Richland 0
TOP OF THE 5TH
Bethesda Atoms batting - Pitching for Richland Rails : RHP Carlton Roberts
Batting: SHB Paul Wite 0-0: Ball
1-0: Foul Ball, location: 2F
1-1: Ball
2-1: Swinging Strike
2-2: Ball
3-2: Strikes out looking
Batting: RHB José Leyva 0-0: Ball
1-0: Swinging Strike
1-1: Ball
2-1: Foul Ball, location: 2F
2-2: Foul Ball, location: 2F
2-2: Fly out, F7 (Line Drive, 78D)
Batting: RHB Raúl Francisco 0-0: SINGLE (Line Drive, 8LS)
Batting: SHB Pedro Ortega 0-0: Called Strike
0-1: Called Strike
0-2: Ball
1-2: Ball
2-2: Strikes out looking
Top of the 5th over - 0 runs, 1 hit, 0 errors, 1 left on base; Bethesda 0 - Richland 0
BOTTOM OF THE 5TH
Richland Rails batting - Pitching for Bethesda Atoms : LHP Osiris St. Brown
Batting: RHB Cooper Lowe 0-0: Fly out, F9 (Flyball, 89S)
Batting: RHB Fontana Contaldo 0-0: DOUBLE (Flyball, 8LD)
Batting: RHB Olaf Esveld 0-0: Swinging Strike
0-1: Foul Ball, location: 2F
0-2: Ball
1-2: Ball
2-2: Foul Ball, location: 2F
2-2: Strikes out looking
Batting: LHB Alje de Gast 0-0: Ball
1-0: Swinging Strike
1-1: Ball
2-1: Ball
3-1: SINGLE (Flyball, 9LS)
Fontana Contaldo to third
Batting: RHB César Núñes 0-0: Ball
1-0: Ball
2-0: Called Strike
2-1: Ball
3-1: SINGLE (Line Drive, 78M)
Fontana Contaldo scores
Alje de Gast to second
Batting: RHB James Cooper 0-0: Fly out, F4 (Line Drive, 34)
Bottom of the 5th over - 1 run, 3 hits, 0 errors, 2 left on base; Bethesda 0 - Richland 1
TOP OF THE 6TH
Bethesda Atoms batting - Pitching for Richland Rails : RHP Carlton Roberts
Batting: RHB Diego Romero 0-0: Called Strike
0-1: Foul Ball, location: 2F
0-2: Reached on error, E5 (Groundball, 56)
Batting: LHB Manuel Márquez 0-0: Sac Bunt - play at first, batter OUT! 1-4
Diego Romero to second
Batting: LHB Jorge Ortíz 0-0: Ball
1-0: SINGLE (Line Drive, 6MD)
Diego Romero to third
Runner from 3rd tries for Home, SAFE, no throw
Batting: RHB Renato Zuvic 0-0: Ball
1-0: Foul Ball, location: 2F
1-1: Ball
2-1: Ball
3-1: Fly out, F9 (Flyball, 89M)
Batting: RHB Enrique Ibarra 0-0: Ball
Jorge Ortíz steals 2nd base
1-0: Called Strike
1-1: Ball
2-1: Fly out, F9 (Flyball, 9D)
Top of the 6th over - 1 run, 1 hit, 1 error, 1 left on base; Bethesda 1 - Richland 1
BOTTOM OF THE 6TH
Richland Rails batting - Pitching for Bethesda Atoms : LHP Osiris St. Brown
Batting: RHB Hui-ying Sun 0-0: Ball
1-0: Called Strike
1-1: Swinging Strike
1-2: Ball
2-2: Strikes out looking
Batting: RHB Bill Chaundler 0-0: Foul Ball, location: 2F
0-1: Ball
1-1: Ball
2-1: Ball
3-1: Base on Balls
Batting: RHB Kupaalani Bakana Pickoff Throw to First - Out!
0-0: Called Strike
0-1: Ball
1-1: Ball
2-1: Ball
3-1: Called Strike
3-2: Ground out 5-3 (Groundball, 5)
Bottom of the 6th over - 0 runs, 0 hits, 0 errors, 0 left on base; Bethesda 1 - Richland 1
TOP OF THE 7TH
Bethesda Atoms batting - Pitching for Richland Rails : RHP Carlton Roberts
Batting: SHB Paul Wite 0-0: Called Strike
0-1: Foul Ball, location: 2F
0-2: Ball
1-2: Foul Ball, location: 2F
1-2: Strikes out swinging
Batting: RHB José Leyva 0-0: Called Strike
0-1: Ball
1-1: Fly out, F7 (Flyball, 78M)
Pinch Hitting: LHB Ignacio Martínez 0-0: Ball
1-0: Foul Ball, location: 2F
1-1: Ball
2-1: Ball
3-1: SINGLE (Groundball, 3D)
Batting: SHB Pedro Ortega 0-0: Ball
1-0: Foul Ball, location: 2F
1-1: Foul Ball, location: 2F
1-2: Ball
Wild Pitch!
Ignacio Martínez to second
2-2: Ground out 4-3 (Groundball, 4)
Top of the 7th over - 0 runs, 1 hit, 0 errors, 1 left on base; Bethesda 1 - Richland 1
BOTTOM OF THE 7TH
Richland Rails batting - Pitching for Bethesda Atoms : LHP Osiris St. Brown
Now at 2B: Isuru Tanaka
Batting: RHB Cooper Lowe 0-0: Ball
1-0: Swinging Strike
1-1: Ball
2-1: Ball
3-1: Base on Balls
Batting: RHB Fontana Contaldo 0-0: Sac Bunt - play at first, batter OUT! 5-4
Cooper Lowe to second
Batting: RHB Olaf Esveld 0-0: SINGLE (Groundball, 6MD)
Cooper Lowe to third
Batting: LHB Alje de Gast 0-0: Called Strike
0-1: Foul Ball, location: 2F
0-2: DOUBLE (Flyball, 8LD)
Cooper Lowe scores
Olaf Esveld to third
Batting: RHB César Núñes 0-0: Called Strike
0-1: Ball
1-1: Foul Ball, location: 2F
1-2: Foul Ball, location: 2F
1-2: Fly out, F8 (Flyball, 78S)
Runner from 3rd tags up, SCORES, no throw
Batting: RHB James Cooper 0-0: Ball
1-0: Fly out, F9 (Flyball, 9)
Bottom of the 7th over - 2 runs, 2 hits, 0 errors, 1 left on base; Bethesda 1 - Richland 3
TOP OF THE 8TH
Bethesda Atoms batting - Pitching for Richland Rails : RHP Carlton Roberts
Batting: RHB Diego Romero 0-0: Fly out, F9 (Flyball, 9)
Batting: LHB Manuel Márquez 0-0: Called Strike
0-1: Foul Ball, location: 2F
0-2: Ball
1-2: Ball
2-2: Ball
3-2: Foul Ball, location: 2F
3-2: Strikes out looking
Batting: LHB Jorge Ortíz 0-0: Ball
1-0: Ground out 4-3 (Groundball, 4D)
Top of the 8th over - 0 runs, 0 hits, 0 errors, 0 left on base; Bethesda 1 - Richland 3
BOTTOM OF THE 8TH
Richland Rails batting - Pitching for Bethesda Atoms : LHP Osiris St. Brown
Batting: RHB Hui-ying Sun 0-0: Called Strike
0-1: Ball
1-1: Ball
2-1: Swinging Strike
2-2: Strikes out swinging
Batting: RHB Bill Chaundler 0-0: Called Strike
0-1: SINGLE (Line Drive, 6D)
Batting: RHB Kupaalani Bakana 0-0: SINGLE (Line Drive, 8LS)
Bill Chaundler to second
Batting: RHB Cooper Lowe 0-0: Swinging Strike
0-1: Swinging Strike
0-2: Ball
1-2: Foul Ball, location: 2F
1-2: Strikes out swinging
Pitching: RHP Elias Ijzendoorn
Batting: RHB Fontana Contaldo 0-0: Ball
1-0: Ball
2-0: Ball
3-0: Base on Balls
Bill Chaundler to third
Kupaalani Bakana to second
Batting: RHB Olaf Esveld 0-0: Called Strike
0-1: Ball
1-1: Fly out, F6 (Line Drive, 6)
Bottom of the 8th over - 0 runs, 2 hits, 0 errors, 3 left on base; Bethesda 1 - Richland 3
TOP OF THE 9TH
Bethesda Atoms batting - Pitching for Richland Rails : RHP Carlton Roberts
Pitching: RHP Davis Sawyer
Batting: RHB Renato Zuvic 0-0: Ball
1-0: Fly out, F8 (Line Drive, 89M)
Batting: RHB Enrique Ibarra 0-0: Foul Ball, location: 2F
0-1: Fly out, F6 (Line Drive, 6MS)
Batting: SHB Paul Wite 0-0: Foul Ball, location: 2F
0-1: Swinging Strike
0-2: Ball
1-2: Foul Ball, location: 2F
1-2: Ball
2-2: Ball
3-2: Foul Ball, location: 2F
3-2: Base on Balls
Batting: RHB José Leyva 0-0: SINGLE (Groundball, 34D)
Paul Wite to second
Batting: RHB Isuru Tanaka 0-0: Foul Ball, location: 2F
0-1: Called Strike
0-2: Strikes out swinging
Top of the 9th over - 0 runs, 1 hit, 0 errors, 2 left on base; Bethesda 1 - Richland 3
Saturday, December 22nd, 2018 - OOTP Baseball 18.8 Build 76